 Dungeon Crawl Stone Soup version 0.30.0-29-ga12c61a403 (webtiles) character file.

Game seed: 13982771445304005231

1013 ChadusMaximus the Shield-Bearer (level 8, -5/63 HPs)
             Began as a Formicid Fighter on June 17, 2023.
             Was an Initiate of Okawaru.
             Succumbed to a scorpion's poison
             ... on level 6 of the Dungeon.
             The game lasted 00:06:28 (5921 turns).

ChadusMaximus the Shield-Bearer (Formicid Fighter)  Turns: 5921, Time: 00:06:29

Health: -5/63      AC:  9    Str: 22    XL:     8   Next: 45%
Magic:  9/9        EV:  9    Int:  9    God:    Okawaru [......]
Gold:   286        SH:  5    Dex: 13    Spells: 7/7 levels left

rFire   . . .        a - +0 war axe (chaos)
rCold   . . .        c - +0 buckler
rNeg    . . .        b - +0 scale mail
rPois   .            (helmet unavailable)
rElec   .            t - +1 cloak
rCorr   .            (no gloves)
SInv    +            (no boots)
Will    .....        (no amulet) Stlth
                     (no ring)
HPRegen 0.30/turn    (no ring)
MPRegen 0.11/turn

%: no passive effects
@: lethally poisoned (-5 -> -34)
A: permanent stasis, dig shafts and tunnels, antennae 3, four strong arms
a: Dig, Shaft Self, Renounce Religion


You were on level 6 of the Dungeon.
You worshipped Okawaru.
Okawaru was noncommittal.
You visited 2 branches of the dungeon, and saw 8 of its levels.

You collected 286 gold pieces.

Inventory:

Hand Weapons
 a - a +0 war axe of chaos (weapon)
 s - a +2 hammer of protection
Armour
 b - a +0 scale mail (worn)
 c - a +0 buckler (worn)
 t - a +1 cloak (worn)
Jewellery
 r - a ring of magical power
Wands
 i - a wand of charming (6)
 j - a wand of flame (26)
 w - a wand of iceblast (9)
Scrolls
 f - 3 scrolls of poison
 h - 3 scrolls of vulnerability
 k - 2 scrolls of identify
 p - 2 scrolls of enchant weapon
 q - 3 scrolls of teleportation
 v - a scroll of blinking {unknown}
Potions
 d - 2 potions of might
 e - 3 potions of curing
 g - 3 potions of brilliance {unknown}
 l - a potion of magic {unknown}
 m - 3 potions of flight {unknown}
 o - a potion of lignification {unknown}
 x - a potion of attraction {unknown}
 z - a potion of berserk rage {unknown}


   Skills:
 + Level 5.5 Fighting
 + Level 5.8 Axes
 + Level 5.5 Armour
 + Level 6.7 Shields
 * Level 2.2 Invocations


You had 7 spell levels left.
You didn't know any spells.
Your spell library contained the following spells:

 Spells                   Type           Power      Damage    Failure   Level
 Cigotuvi's Dreadful Rot  Necr/Pois/Air  0%         N/A       87%         2
 Portal Projectile        Hex/Tloc       0%         N/A       98%         3
 Dispel Undead            Necr           0%         3d6       100%        4
 Leda's Liquefaction      Hex/Erth       0%         N/A       100%        4
 Call Canine Familiar     Summ           Unusable   N/A       N/A         3
 Death Channel            Necr           Unusable   N/A       N/A         6

Dungeon Overview and Level Annotations

Branches:
Dungeon (7/15)             Temple (1/1) D:5

Altars:
Ashenzari
Cheibriados
Dithmenos
Elyvilon
Fedhas
Gozag
Hepliaklqana
Makhleb
Nemelex Xobeh
Okawaru
Qazlal
Trog
Uskayaw
Vehumet
Wu Jian
Xom
Yredelemnul
Zin
The Shining One

Annotations:
D:5 Duvessa
D:6 Pikel


Innate Abilities, Weirdness & Mutations

You cannot be hasted, slowed, berserked, paralysed or teleported.
You can dig through walls and to a lower floor.
You have a pair of large antennae on your head. (SInv)
Your four strong arms can wield two-handed weapons with a shield.


Message History

You block the scorpion's attack.
A water moccasin comes into view.
The water moccasin hisses angrily.
You hit the scorpion but do no damage.
The scorpion seems to speed up.
The scorpion is moderately wounded.
You hit the lemure.
The scorpion stings you. x2; The lemure hits you.
You closely miss the scorpion.
The scorpion is moderately wounded.
You hit the lemure. Lightning courses through the lemure!
You hit the lemure but do no damage.
The lemure easily resists.
The scorpion stings you.
You are poisoned.
The scorpion poisons you! The scorpion closely misses you. The lemure hits you!
The lemure hits you.
The scorpion stings you but does no damage.
The lemure attacks as you move away! The lemure hits you.
You feel very sick.
The scorpion stings you but does no damage.
The lemure attacks as you move away! The lemure hits you.
You feel sick. The scorpion stings you.
* * * LOW HITPOINT WARNING * * *
You are more poisoned.
The scorpion poisons you! You block the scorpion's attack.
You feel very sick. The scorpion stings you.
* * * LOW HITPOINT WARNING * * *
You are lethally poisoned!
The scorpion poisons you! The lemure attacks as you move away!
You block the lemure's attack.
An ufetubus comes into view.
* * * LOW HITPOINT WARNING * * *
You feel very sick.
The ufetubus shouts!
You hear a shout!
The scorpion barely misses you. The scorpion stings you.
* * * LOW HITPOINT WARNING * * *
You are more poisoned.
The scorpion poisons you!
The ufetubus moves out of view.
The scorpion attacks as you move away!
The scorpion stings you but does no damage.
You die...

. .. {... ###....
.......
######.......
#..5.@......#
#..s........#
#####.5K5.......#
#.....S.........#
#.....5.##...##..
#............# .
##......?....#
..............
###...........


You could see Pikel, a water moccasin, 4 lemures and a scorpion (fast).

Vanquished Creatures
  Sigmund (D:2)
  A black bear (D:5)
  A centaur (D:5)
  A scorpion (D:5)
  Dowan (D:5)
  An orc priest (D:3)
  2 jellies (D:4)
  2 hounds
  Crazy Yiuf (D:3)
  2 sleepcaps
  Jessica (D:2)
  2 orc wizards
  Terence (D:3)
  An iguana (D:4)
  4 adders
  8 gnolls
  An ufetubus (D:5)
  A worm (D:4)
  A dart slug (D:2)
  16 orcs
  5 ball pythons
  3 bats
  6 endoplasms
  4 giant cockroaches
  6 goblins
  6 hobgoblins
  10 kobolds
  5 quokkas
  7 rats
101 creatures vanquished.

Notes
Turn   | Place    | Note
-------+----------+-------------------------------------------
     0 | D:1      | ChadusMaximus the Formicid Fighter began the quest for the
                  | Orb.
     0 | D:1      | Reached XP level 1. HP: 18/18 MP: 1/1
   173 | D:1      | Reached XP level 2. HP: 24/24 MP: 2/2
   732 | D:1      | Reached XP level 3. HP: 29/29 MP: 3/3
   990 | D:2      | Noticed Jessica
   993 | D:2      | Killed Jessica
   994 | D:2      | Reached XP level 4. HP: 31/37 MP: 4/4
  1057 | D:2      | Noticed Sigmund
  1069 | D:2      | Killed Sigmund
  1070 | D:2      | Reached skill level 5 in Shields
  1070 | D:2      | Reached XP level 5. HP: 13/43 MP: 5/5
  1070 | D:2      | Reached XP level 6. HP: 15/49 MP: 6/6
  1829 | D:3      | HP: 1/49 [orc/+0 flail (2)]
  2006 | D:3      | Noticed Terence
  2016 | D:3      | Killed Terence
  2672 | D:3      | Found a runed translucent door.
  2673 | D:3      | Noticed Crazy Yiuf
  2795 | D:3      | Killed Crazy Yiuf
  2796 | D:3      | Reached XP level 7. HP: 4/55 MP: 7/7
  3375 | D:4      | Reached skill level 5 in Axes
  3375 | D:4      | Reached skill level 6 in Shields
  3384 | D:4      | Reached skill level 5 in Fighting
  3404 | D:5      | Entered Level 5 of the Dungeon
  3807 | D:4      | Reached skill level 5 in Armour
  4125 | D:5      | Noticed Duvessa
  4279 | D:5      | Found a staircase to the Ecumenical Temple.
  4289 | D:5      | Reached XP level 8. HP: 20/62 MP: 8/8
  4298 | Temple   | Entered the Ecumenical Temple
  4694 | Temple   | Became a worshipper of Warmaster Okawaru
  4929 | Temple   | Reached skill level 1 in Invocations
  5143 | D:5      | Noticed Dowan
  5152 | D:5      | Killed Dowan
  5801 | D:5      | You fall into a shaft and drop 2 floors!
  5912 | D:6      | Noticed Pikel
  5920 | D:6      | HP: 2/63 [scorpion (4)]
  5921 | D:6      | Succumbed to a scorpion's poison

Illustrated notes

Levels and vault maps discovered:
D:1:      giann_bridges, layout_loops_corners, minmay_tetromino_t2
D:2:      layout_basic, uniq_jessica, uniq_sigmund
D:3:      layout_loops_ring, uniq_crazy_yiuf_cottage, uniq_terence
D:4:      layout_basic, nicolae_kite_square_tiling_tiny
D:5:      layout_rooms, minmay_temple_entry_mini_moons, uniq_duvessa
D:6:      layout_basic, gup_sewer_entry_spiral, kennysheep_doodads,
          corner_web_ring, minmay_manual_moon, uniq_pikel
D:7:      layout_loops_corners, enter_bailey_3, ebering_ghost_inner_flame
Temple:   compressed_dpeg_triangle_lava_temple

Skill      XL: |  1  2  3  4  5  6  7  8 |
---------------+-------------------------+-----
Fighting       | 4 5 |  5.5
Axes           | 3 4 5 |  5.8
Armour         | 4 5 |  5.5
Shields        | 5 6 |  6.7
Invocations    | 2 |  2.2

Action                     |  1- 3 |  4- 6 |  7- 9 || total
---------------------------+-------+-------+-------++-------
  Melee: War axe           |    70 |   127 |    51 ||   248
         Mace              |       |       |   104 ||   104
Ability: Shaft Self        |       |       |     1 ||     1
  Evoke: Wand              |       |       |     1 ||     1
    Use: Potion            |       |     2 |       ||     2
         Scroll            |       |       |     6 ||     6
   Stab: Confused          |       |       |     1 ||     1
 Armour: Scale mail        |    25 |    39 |    81 ||   145
  Dodge: Dodged            |    22 |    61 |    84 ||   167
  Block: Buckler           |    24 |    25 |    62 ||   111
